 Dungeon Crawl Stone Soup version 0.29.1-1-gd02db6906a (webtiles) character file.

Game seed: 9149647808846713854

1932 QueenGhuleh the Cleaver (level 8, 0/105 HPs)
             Began as a Minotaur Berserker on Sept 15, 2022.
             Was a Priest of Trog.
             Succumbed to a hornet's poison
             ... on level 8 of the Dungeon.
             The game lasted 00:15:03 (7391 turns).

QueenGhuleh the Cleaver (Minotaur Berserker)        Turns: 7391, Time: 00:15:03

Health: 0/105      AC: 12    Str: 23    XL:     8   Next: 97%
Magic:  7/7        EV:  8    Int:  4    God:    Trog [***...]
Gold:   374        SH:  0    Dex: 11    Spells: 7/7 levels left

rFire   . . .      SeeInvis .   u - +0 battleaxe
rCold   . . .      Faith    .   (shield currently unavailable)
rNeg    . . .      Spirit   .   o - +0 plate armour
rPois   .          Reflect  .   (helmet restricted)
rElec   .          Harm     .   (no cloak)
rCorr   .          Rampage  .   (no gloves)
Will    .....                   (no boots)
Stlth   ..........              p - amulet of the acrobat
HPRegen 0.27/turn               (no ring)
MPRegen 0.10/turn               (no ring)

@: berserking, lethally poisoned (0 -> -21), slowed
A: horns 2, retaliatory headbutt
a: Renounce Religion, Berserk, Trog's Hand


You were on level 8 of the Dungeon.
You worshipped Trog.
Trog was most pleased with you.
You visited 1 branch of the dungeon, and saw 8 of its levels.

You collected 374 gold pieces.

Inventory:

Hand Weapons
 u - a +0 battleaxe (weapon)
Armour
 o - a +0 plate armour (worn)
Jewellery
 a - a ring of resist corrosion
 p - an amulet of the acrobat (around neck)
Wands
 l - a wand of polymorph (7)
Scrolls
 b - 3 scrolls of butterflies {unknown}
 f - a scroll of magic mapping {unknown}
 h - 8 scrolls of identify {unknown}
 j - 4 scrolls of poison {unknown}
 n - a scroll of noise {unknown}
 q - 2 scrolls of teleportation {unknown}
 t - 2 scrolls of enchant weapon {unknown}
Potions
 c - 6 potions of brilliance {unknown}
 d - a potion of flight {unknown}
 e - 2 potions of berserk rage {unknown}
 g - a potion of haste {unknown}
 i - a potion of heal wounds {unknown}
 m - a potion of ambrosia {unknown}
 r - 5 potions of curing {unknown}
 s - a potion of resistance {unknown}


   Skills:
 + Level 6.2 Fighting
 + Level 8.1(9.5) Axes
 + Level 7.4(9.1) Maces & Flails
 + Level 6.5 Armour
 + Level 4.1 Dodging
 + Level 1.1 Stealth
 + Level 0.8 Unarmed Combat


You had 7 spell levels left.
You didn't know any spells.
Your spell library was empty.

Dungeon Overview and Level Annotations

Branches:
Dungeon (8/15)             Temple (0/1) D:7
   Lair: D:8-11

Altars:
Elyvilon
Hepliaklqana
Kikubaaqudgha
Okawaru
Trog
Xom

Shops:
D:4 *


Innate Abilities, Weirdness & Mutations

You have a pair of horns on your head.
You reflexively headbutt those who attack you in melee.


Message History

You are too injured to fight recklessly!
You are too injured to fight recklessly!
You are too injured to fight recklessly!
A red film seems to cover your vision as you go berserk!
You feel yourself moving faster!
You feel mighty!
You feel very sick. The hornet barely misses you. The hornet stings you.
You are more poisoned.
You feel as though you will be slow longer.
You hit the hornet but do no damage. Your headbutt misses the hornet.
The hornet is lightly wounded.
You feel very sick. The hornet stings you.
You are more poisoned.
You feel as though you will be slow longer.
The hornet closely misses you. You furiously retaliate!
You headbutt the hornet! You miss the hornet.
The hornet is severely wounded.
You feel very sick. The hornet stings you.
* * * LOW HITPOINT WARNING * * *
You suddenly lose the ability to move!
The hornet stings you.
* * * LOW HITPOINT WARNING * * *
You feel as though you will be slow longer.
You feel very sick. The hornet stings you.
* * * LOW HITPOINT WARNING * * *
You are lethally poisoned!
You feel as though you will be slow longer.
The hornet stings you.
* * * LOW HITPOINT WARNING * * *
You shrug off the repeated paralysis!
* * * LOW HITPOINT WARNING * * *
You feel very sick.
The hornet stings you but does no damage.
You can move again.
You closely miss the hornet.
The hornet is heavily wounded.
You die...

.(.# .... ....
.#..
...######..####
#............
#........#.##
###...........##
###....!..........
..........@y....#
###...<.....##.#
##...#...##
#########


You could see a hornet.

Vanquished Creatures
  The ghost of firemarshallily the Caller, a novice MfSu (D:4)
  A water moccasin (D:7)
  A black bear (D:4)
  2 ice beasts
  A sky beast (D:7)
  An ogre (D:7)
  A centaur (D:6)
  Blork the orc (D:5)
  A bullfrog (D:6)
  2 scorpions
  3 necrophages
  A howler monkey (D:6)
  2 hounds
  Crazy Yiuf (D:2)
  4 jellies
  2 iguanas
  3 orc wizards
  A mummy (D:6)
  A gnoll (D:1)
  6 adders
  A shadow imp (D:7)
  A white imp (D:6)
  3 worms
  3 dart slugs
  7 orcs
  9 ball pythons
  7 endoplasms
  5 giant cockroaches
  3 goblins
  4 hobgoblins
  5 jackals
  5 kobolds
  5 quokkas
  6 bats
  5 frilled lizards
  A hobgoblin zombie (D:6)
  3 kobold zombies (D:6)
  5 rats (D:1)
114 creatures vanquished.

Notes
Turn   | Place    | Note
-------+----------+-------------------------------------------
     0 | D:1      | QueenGhuleh the Minotaur Berserker began the quest for the
                  | Orb.
     0 | D:1      | Reached XP level 1. HP: 19/19 MP: 0/0
   133 | D:1      | Reached skill level 4 in Axes
   133 | D:1      | Reached XP level 2. HP: 21/27 MP: 1/1
   737 | D:1      | Reached XP level 3. HP: 33/33 MP: 2/2
  1215 | D:2      | Reached ** piety under Trog
  1746 | D:2      | Found a runed translucent door.
  1747 | D:2      | Noticed Crazy Yiuf
  1792 | D:2      | Found a faded altar of an unknown god.
  1829 | D:2      | Found an iron altar of Okawaru.
  2192 | D:2      | Killed Crazy Yiuf
  2193 | D:2      | Reached skill level 1 in Maces & Flails
  2193 | D:2      | Reached XP level 4. HP: 41/41 MP: 0/3
  2916 | D:3      | Identified the +3 sling of the Spectre {flame, rC+ Int+3}
  3067 | D:3      | Found a bloodstained altar of Trog.
  3067 | D:3      | Found a hazy altar of Hepliaklqana.
  3074 | D:3      | Found an ancient bone altar of Kikubaaqudgha.
  3076 | D:3      | Found a shimmering altar of Xom.
  3138 | D:3      | Found a white marble altar of Elyvilon.
  3285 | D:3      | Reached XP level 5. HP: 47/47 MP: 4/4
  3906 | D:4      | Reached XP level 6. HP: 48/55 MP: 5/5
  4117 | D:4      | Reached skill level 5 in Fighting
  4173 | D:4      | Found Aptu Poe's Overcharged Wands.
  4180 | D:4      | Found a large runed translucent door.
  4180 | D:4      | Found a large runed translucent door.
  4184 | D:4      | Reached *** piety under Trog
  4186 | D:4      | Noticed firemarshallily's ghost (novice MfSu)
  4407 | D:4      | Killed firemarshallily's ghost
  4408 | D:4      | Reached skill level 1 in Stealth
  4408 | D:4      | Reached XP level 7. HP: 61/61 MP: 6/6
  4440 | D:5      | Entered Level 5 of the Dungeon
  4515 | D:5      | Noticed Blork the orc
  4527 | D:5      | Killed Blork the orc
  4528 | D:5      | Reached skill level 5 in Armour
  5492 | D:6      | Reached XP level 8. HP: 69/69 MP: 7/7
  5537 | D:6      | Reached skill level 5 in Axes
  6361 | D:7      | Reached skill level 6 in Axes
  6508 | D:7      | Reached skill level 7 in Axes
  6613 | D:7      | Found a staircase to the Ecumenical Temple.
  6936 | D:7      | Reached skill level 8 in Axes
  7377 | D:8      | Noticed a hornet
  7388 | D:8      | Paralysed by a hornet for 3 turns
  7391 | D:8      | Succumbed to a hornet's poison

Illustrated notes

Levels and vault maps discovered:
D:1:      lightli_arrival_lavapool, layout_loops_corners, minmay_tiny_reverse_x
D:2:      layout_loops_ring, ebering_ecumenical_altar_hall,
          serial_co_window_serial, co_window_corner_a, co_window_corner_a,
          co_window_of_opportunity_a, co_window_of_opportunity_a,
          co_window_paths_a, co_window_broadway_a, co_window_cross_3,
          co_window_corner_b, co_window_unsneaky_path_d, co_window_cross_4,
          co_window_2corner, basic_altar, uniq_crazy_yiuf_cottage
D:3:      layout_basic, chequers_temple_overflow_minitemple, minmay_puff
D:4:      layout_basic, ebering_ghost_disaster_area, reono_crystal_passage,
          nicolae_shop_overcharged_wands
D:5:      layout_rooms, nrook_loot_triangle, uniq_blork_the_orc
D:6:      layout_basic, minmay_mini_ossuary
D:7:      layout_rooms, minmay_temple_entry_statues, st_stairs_13,
          minmay_crystal_water
D:8:      minmay_goldmine, layout_rooms, david_lair_generic

Skill      XL: |  1  2  3  4  5  6  7  8 |
---------------+-------------------------+-----
Fighting       | 4 5 6 |  6.2
Axes           | 4 8 |  8.1
Maces & Flails | 1 2 4 6 7 |  7.4
Armour         | 3 4 5 6 |  6.5
Dodging        | 3 4 |  4.1
Stealth        | 1 |  1.1
Unarmed Combat | |  0.8

Action                   |  1- 3 |  4- 6 |  7- 9 || total
-------------------------+-------+-------+-------++-------
Melee: Hand axe          |    18 |       |       ||    18
       Flail             |    56 |    88 |    17 ||   161
       Headbutt          |     6 |    13 |    23 ||    42
       Unarmed           |     4 |       |       ||     4
       Punch             |       |     1 |       ||     1
       Battleaxe         |       |       |   126 ||   126
Invok: Berserk           |     1 |     2 |     5 ||     8
 Stab: Sleeping          |     1 |       |       ||     1
Armor: Animal skin       |     2 |       |       ||     2
       Ring mail         |    18 |       |       ||    18
       Chain mail        |    15 |    56 |    77 ||   148
       Plate armour      |       |       |     8 ||     8
Dodge: Dodged            |    53 |    51 |    85 ||   189
